 Dungeon Crawl Stone Soup version 0.30-a0-354-g6b83867211 (webtiles) character file.

Game seed: 3113112622048153871

562 bande the Chopper (level 7, -5/44 HPs)
             Began as a Gargoyle Fighter on Nov 8, 2022.
             Slain by an orc
             ... wielding a +0 morningstar
              (7 damage)
             ... on level 5 of the Dungeon.
             The game lasted 00:05:51 (4463 turns).

bande the Chopper (Gargoyle Fighter)                Turns: 4463, Time: 00:05:51

Health: -5/44      AC: 14    Str: 19    XL:     7   Next: 32%
Magic:  7/7        EV:  9    Int:  9    God:
Gold:   214        SH:  4    Dex: 11    Spells: 6/6 levels left

rFire   . . .      SeeInvis +    a - +1 war axe
rCold   . . .      Faith    .    c - +0 buckler
rNeg    + . .      Spirit   .    b - +0 scale mail
rPois   ∞          Reflect  .    (no helmet)
rElec   +          Harm     .    r - +0 cloak
rCorr   +          Rampage  .    h - +0 pair of gloves
Will    .....                    (no boots)
Stlth   ..........               (no amulet)
HPRegen 0.27/turn                j - ring of resist corrosion
MPRegen 0.10/turn                k - ring of see invisible

@: mighty
A: sickness immunity, AC +4, negative energy resistance 1, electricity
resistance, torment resistance 1, petrification resistance
a: no special abilities


You were on level 5 of the Dungeon.
You visited 1 branch of the dungeon, and saw 5 of its levels.

You collected 214 gold pieces.

Inventory:

Hand Weapons
 a - a +1 war axe (weapon)
 n - a +0 flail
Armour
 b - a +0 scale mail (worn)
 c - a +0 buckler (worn)
 h - a +0 pair of gloves (worn)
 r - a +0 cloak (worn)
Jewellery
 j - a ring of resist corrosion (left hand)
 k - a ring of see invisible (right hand)
 m - a ring of fire
 o - an amulet of the acrobat
Wands
 p - a wand of mindburst (16)
Scrolls
 f - a scroll of identify
 g - 2 scrolls of teleportation
 i - a scroll of poison
Potions
 d - a potion of might
 e - 3 potions of curing
 l - a potion of mutation


   Skills:
 + Level 4.8 Fighting
 + Level 5.3 Axes
 + Level 5.0 Armour
 - Level 0.2 Stealth
 + Level 4.0 Shields


You had 6 spell levels left.
You didn't know any spells.
Your spell library was empty.

Dungeon Overview and Level Annotations

Branches:
Dungeon (5/15)
 Temple: D:4-7

Altars:

Annotations:
D:4 2 transporters, gabagool's ghost, amateur GrEE


Innate Abilities, Weirdness & Mutations

You are immune to sickness and miasma.
Your stone body is resilient. (AC +4)
You are immune to poison.
You resist negative energy. (rN+)
You are resistant to electric shocks. (rElec)
You are resistant to unholy torment.
You are immune to petrification.


Message History

The iguana bites you but does no damage.
An orc comes into view. It is wielding a +0 club.
The orc shouts!
You slash the iguana!
You kill the iguana!
You hear a shout!
An orc comes into view. It is wielding a +0 morningstar.
The ogre hits you with a +0 giant club!!
Ouch! That really hurt!
* * * LOW HITPOINT WARNING * * *
You feel very mighty all of a sudden.
You barely miss the ogre. The ogre barely misses you.
You hit the ogre.
The ogre is lightly wounded.
The ogre hits you with a +0 giant club!
* * * LOW HITPOINT WARNING * * *
You slice the ogre!!
The ogre is almost dead.
The ogre barely misses you.
You slice the ogre!!
You kill the ogre!
Your Armour skill increases to level 5!
The orc hits you but does no damage. The orc hits you with a +0 morningstar.
* * * LOW HITPOINT WARNING * * *
You see here a +0 giant club.
You hit the orc.
The orc is severely wounded.
You closely miss the orc. The orc hits you but does no damage.
The orc barely misses you.
Unknown command.
You closely miss the orc.
The orc is severely wounded.
You hit the orc. The orc completely misses you. The orc barely misses you.
Unknown command.
You barely miss the orc.
The orc is severely wounded.
You slash the orc!
You kill the orc!
The orc hits you with a +0 morningstar!
You die...

#.#.##..#
#.#.##..#
#...##..#
########..#....#
..............##
########...#...#
#.......#
####.......#
#.)@o......#
#.###....#.# #
###..#.# ..# ..#
.#


You could see an orc.

Vanquished Creatures
  An ogre (D:5)
  2 phantoms (D:4)
  A hound (D:4)
  2 iguanas
  Natasha (thrice) (D:2)
  4 gnolls (D:3)
  4 adders
  An ufetubus (D:4)
  3 dart slugs
  3 orcs
  6 ball pythons
  16 endoplasms
  4 giant cockroaches
  8 goblins
  11 hobgoblins
  10 kobolds
  2 quokkas
  5 bats
  7 frilled lizards
  6 rats
99 creatures vanquished.

Notes
Turn   | Place    | Note
-------+----------+-------------------------------------------
     0 | D:1      | bande the Gargoyle Fighter began the quest for the Orb.
     0 | D:1      | Reached XP level 1. HP: 14/14 MP: 1/1
   214 | D:1      | Reached XP level 2. HP: 14/19 MP: 2/2
   610 | D:1      | Reached XP level 3. HP: 24/24 MP: 3/3
   640 | D:1      | Found a faded altar of an unknown god.
  1404 | D:2      | Noticed Natasha
  1415 | D:2      | Killed Natasha
  1416 | D:2      | Reached XP level 4. HP: 12/29 MP: 4/4
  1923 | D:2      | Noticed Natasha
  1932 | D:2      | Killed Natasha
  2241 | D:2      | Noticed Natasha
  2248 | D:2      | Killed Natasha
  2249 | D:2      | Reached XP level 5. HP: 22/33 MP: 5/5
  3710 | D:4      | Reached XP level 6. HP: 39/39 MP: 6/6
  3905 | D:4      | Found a transporter.
  3905 | D:4      | Noticed gabagool's ghost (amateur GrEE)
  3916 | D:4      | Found a transporter.
  4358 | D:4      | Reached skill level 5 in Axes
  4358 | D:4      | Reached XP level 7. HP: 44/44 MP: 7/7
  4431 | D:5      | Entered Level 5 of the Dungeon
  4457 | D:5      | HP: 1/44 [ogre/+0 giant club (13)]
  4460 | D:5      | Reached skill level 5 in Armour
  4463 | D:5      | Slain by an orc

Illustrated notes

Levels and vault maps discovered:
D:1:      saegor_arrival_simple_e, layout_basic, basic_ecumenical_altar,
          minmay_domino_2
D:2:      layout_basic, ebering_dispersal_statue_hall, uniq_natasha
D:3:      layout_loops_corners
D:4:      layout_basic, gammafunk_ghost_arena
D:5:      layout_loops_ring

Skill      XL: |  1  2  3  4  5  6  7 |
---------------+----------------------+-----
Axes           | 2 3 4 5 |  5.3
Fighting       | 4 |  4.8
Armour         | 4 5 |  5.0
Shields        | 4 |  4.0
Stealth        | |  0.2

Action                   |  1- 3 |  4- 6 |  7- 9 || total
-------------------------+-------+-------+-------++-------
Melee: War axe           |   104 |   179 |    13 ||   296
  Use: Scroll            |       |     9 |       ||     9
       Potion            |       |       |     1 ||     1
Armor: Scale mail        |    49 |   110 |     3 ||   162
Dodge: Dodged            |    45 |   115 |     7 ||   167
Block: Buckler           |    25 |    36 |       ||    61

Table legend: (Time is in decaauts)
 A = Elapsed time spent in this place.
 B = Non-inter-level travel time spent in this place.
 C = Inter-level travel time spent in this place.
 D = Time resting spent in this place.
 E = Time spent auto-exploring this place.
 F = Levels seen in this place.
 G = Mean time per level.
                   A        B        C        D        E       F      G
               +--------+--------+--------+--------+--------+-----+--------+
         Total |   4573 |   4573 |      0 |   1040 |   2536 |   5 |  914.6 |
       Dungeon |   4573 |   4573 |      0 |   1040 |   2536 |   5 |  914.6 |
               +--------+--------+--------+--------+--------+-----+--------+

Top non-repeatable levels by time:
     D:2: 1396 daAuts
     D:3: 1202 daAuts
     D:1: 1180 daAuts
     D:4: 759 daAuts
     D:5: 34 daAuts
